PL
LOUISVILLE BC @ TOLEDO TITANS
09/03/2021
 
TOP OF THE 1ST
Louisville BC batting - Pitching for Toledo Titans : RHP Michael Fletcher
Pitching: RHP Michael Fletcher
Batting: RHB Andrés Rodríguez 0-0: Foul Ball, location: 2F
0-1: Ball
1-1: Fly out, F7 (Flyball, 7M)
Batting: RHB Paul Houston 0-0: Ball
1-0: Ball
2-0: Ball
3-0: Called Strike
3-1: Called Strike
3-2: Base on Balls
Batting: RHB Robbie Roach 0-0: Called Strike
0-1: Ball
1-1: Foul Ball, location: 2F
1-2: Ball
2-2: DOUBLE (Line Drive, 78D)
Paul Houston to third
Runner from 3rd tries for Home, throw and OUT!
Batting: LHB Tim Hargrove 0-0: Fly out, F8 (Flyball, 8LXD)
Top of the 1st over - 0 run(s), 1 hit(s), 0 error(s), 1 left on base; Louisville 0 - Toledo 0
BOTTOM OF THE 1ST
Toledo Titans batting - Pitching for Louisville BC : RHP Bill Fletcher
Pitching: RHP Bill Fletcher
Batting: RHB Juan Ramos 0-0: Ball
1-0: Ball
2-0: Called Strike
2-1: Ground out 1-3 (Groundball, 13S)
Batting: SHB Mustapha Gonzales 0-0: Ball
1-0: Ball
2-0: Called Strike
2-1: Foul Ball, location: 2F
2-2: Ball
3-2: Base on Balls
Batting: RHB Donald Thompson 0-0: Ball
1-0: Called Strike
1-1: Foul Ball, location: 2F
1-2: Strikes out swinging
Batting: RHB Juan Orozco 0-0: Called Strike
0-1: Ball
1-1: Foul Ball, location: 2F
1-2: Ground out 4-3 (Groundball, 4)
Bottom of the 1st over - 0 run(s), 0 hit(s), 0 error(s), 1 left on base; Louisville 0 - Toledo 0
TOP OF THE 2ND
Louisville BC batting - Pitching for Toledo Titans : RHP Michael Fletcher
Batting: RHB Yoshio Matsuo 0-0: Ball
1-0: Ground out 5-3 (Groundball, 5)
Batting: RHB Chi-ju Zhang 0-0: Ball
1-0: Called Strike
1-1: Fly out, F4 (Popup, 4M)
Batting: RHB Roberto Guerrero 0-0: Ball
1-0: Called Strike
1-1: Ball
2-1: Fly out, F8 (Flyball, 78D)
Top of the 2nd over - 0 run(s), 0 hit(s), 0 error(s), 0 left on base; Louisville 0 - Toledo 0
BOTTOM OF THE 2ND
Toledo Titans batting - Pitching for Louisville BC : RHP Bill Fletcher
Batting: RHB Phil Johnston 0-0: Called Strike
0-1: Foul Ball, location: 2F
0-2: Ball
1-2: Foul Ball, location: 2F
1-2: Ground out 6-3 (Groundball, 6M)
Batting: RHB Sherman Davis 0-0: Ball
1-0: Ball
2-0: TRIPLE (Line Drive, 7LS)
Batting: LHB Iván Gonzáles 0-0: Called Strike
0-1: Ball
1-1: Called Strike
1-2: Strikes out looking
Batting: RHB Soseki Matsunaga 0-0: Swinging Strike
0-1: Fly out, F7 (Line Drive, 78M)
Bottom of the 2nd over - 0 run(s), 1 hit(s), 0 error(s), 1 left on base; Louisville 0 - Toledo 0
TOP OF THE 3RD
Louisville BC batting - Pitching for Toledo Titans : RHP Michael Fletcher
Batting: RHB Keith Best 0-0: Ball
1-0: Ball
2-0: Ball
3-0: Called Strike
3-1: Base on Balls
Batting: LHB Gregory Johnson 0-0: Called Strike
0-1: Ground out 3-1 (Groundball, 34)
Keith Best to second
Batting: RHB Andrés Rodríguez 0-0: Ball
1-0: Called Strike
1-1: Ball
2-1: Foul Ball, location: 2F
2-2: Strikes out swinging
Batting: RHB Paul Houston 0-0: Foul Ball, location: 2F
0-1: Ball
1-1: Foul Ball, location: 2F
1-2: Foul Ball, location: 2F
1-2: DOUBLE (Line Drive, 78D)
Keith Best scores
Batting: RHB Robbie Roach 0-0: Ball
1-0: Called Strike
1-1: Ball
2-1: Foul Ball, location: 2F
2-2: Ball
3-2: Base on Balls
Batting: LHB Tim Hargrove 0-0: Called Strike
0-1: Ball
Wild Pitch!
Paul Houston to third
Robbie Roach to second
1-1: Called Strike
1-2: Foul Ball, location: 2F
1-2: Foul Ball, location: 2F
1-2: Fly out, F4 (Line Drive, 4)
Top of the 3rd over - 1 run(s), 1 hit(s), 0 error(s), 2 left on base; Louisville 1 - Toledo 0
BOTTOM OF THE 3RD
Toledo Titans batting - Pitching for Louisville BC : RHP Bill Fletcher
Batting: LHB Rick Harrison 0-0: Ball
1-0: Ball
2-0: Ball
3-0: Called Strike
3-1: DOUBLE (Line Drive, 3L)
Batting: RHB Juan Ramos 0-0: Ball
1-0: Foul Ball, location: 2F
1-1: Ground out 4-3 (Groundball, 4)
Rick Harrison to third
Batting: SHB Mustapha Gonzales 0-0: Called Strike
0-1: Ball
1-1: Foul Ball, location: 2F
1-2: Ball
Wild Pitch!
Rick Harrison scores
2-2: Foul Ball, location: 2F
2-2: Foul Ball, location: 2F
2-2: Ball
3-2: Foul Ball, location: 2F
3-2: Fly out, F7 (Popup, 6MD)
Batting: RHB Donald Thompson 0-0: Ball
1-0: Called Strike
1-1: Foul Ball, location: 2F
1-2: Fly out, F1 (Line Drive, 15)
Bottom of the 3rd over - 1 run(s), 1 hit(s), 0 error(s), 0 left on base; Louisville 1 - Toledo 1
TOP OF THE 4TH
Louisville BC batting - Pitching for Toledo Titans : RHP Michael Fletcher
Batting: RHB Yoshio Matsuo 0-0: Fly out, F9 (Flyball, 89D)
Batting: RHB Chi-ju Zhang 0-0: Called Strike
0-1: Foul Ball, location: 2F
0-2: Ground out 5-3 (Groundball, 5)
Batting: RHB Roberto Guerrero 0-0: Foul Ball, location: 2F
0-1: Foul Ball, location: 2F
0-2: Foul Ball, location: 2F
0-2: Ball
1-2: Ball
2-2: Strikes out swinging
Top of the 4th over - 0 run(s), 0 hit(s), 0 error(s), 0 left on base; Louisville 1 - Toledo 1
BOTTOM OF THE 4TH
Toledo Titans batting - Pitching for Louisville BC : RHP Bill Fletcher
Batting: RHB Juan Orozco 0-0: Ball
1-0: Ball
2-0: Ball
3-0: Called Strike
3-1: Swinging Strike
3-2: Foul Ball, location: 2F
3-2: Foul Ball, location: 2F
3-2: Ground out 5-3 (Groundball, 56)
Batting: RHB Phil Johnston 0-0: Ball
1-0: Ball
2-0: Ball
3-0: Base on Balls
Batting: RHB Sherman Davis 0-0: Called Strike
0-1: Fly out, F6 (Popup, 56)
Batting: LHB Iván Gonzáles 0-0: Ball
1-0: Ground out 1-3 (Groundball, 15)
Bottom of the 4th over - 0 run(s), 0 hit(s), 0 error(s), 1 left on base; Louisville 1 - Toledo 1
TOP OF THE 5TH
Louisville BC batting - Pitching for Toledo Titans : RHP Michael Fletcher
Batting: RHB Keith Best 0-0: Called Strike
0-1: Ball
1-1: Swinging Strike
1-2: Ground out 6-3 (Groundball, 6)
Batting: LHB Gregory Johnson 0-0: Ball
1-0: Called Strike
1-1: Foul Ball, location: 2F
1-2: SINGLE (Groundball, 34D) (infield hit)
Batting: RHB Andrés Rodríguez 0-0: Called Strike
0-1: Fielders Choice at 2nd, 5-4 (Groundball, 56)
Batting: RHB Paul Houston 0-0: Ball
1-0: SINGLE (Flyball, 89S)
Andrés Rodríguez to second
Runner from 2nd tries for 3rd, SAFE, throw made to third
Batting: RHB Robbie Roach 0-0: Foul Ball, location: 2F
0-1: Ground out 5-3 (Groundball, 56)
Top of the 5th over - 0 run(s), 2 hit(s), 0 error(s), 2 left on base; Louisville 1 - Toledo 1
BOTTOM OF THE 5TH
Toledo Titans batting - Pitching for Louisville BC : RHP Bill Fletcher
Batting: RHB Soseki Matsunaga 0-0: Swinging Strike
0-1: Ball
1-1: Ball
2-1: Ball
3-1: Base on Balls
Batting: LHB Rick Harrison 0-0: Ball
1-0: Bunt missed!
1-1: Bunt missed!
1-2: Fly out, F4 (Popup, 4MD)
Batting: RHB Juan Ramos 0-0: Called Strike
Soseki Matsunaga steals 2nd base
0-1: Ball
1-1: Ground out 4-3 (Groundball, 4)
Soseki Matsunaga to third
Batting: SHB Mustapha Gonzales 0-0: Ball
1-0: Ball
2-0: Ball
3-0: Swinging Strike
3-1: Called Strike
3-2: Strikes out swinging
Bottom of the 5th over - 0 run(s), 0 hit(s), 0 error(s), 1 left on base; Louisville 1 - Toledo 1
TOP OF THE 6TH
Louisville BC batting - Pitching for Toledo Titans : RHP Michael Fletcher
Batting: LHB Tim Hargrove 0-0: Called Strike
0-1: Ball
1-1: Ball
2-1: Called Strike
2-2: Ball
3-2: Ground out U3 (Groundball, 3S)
Batting: RHB Yoshio Matsuo 0-0: SINGLE (Groundball, 6MD)
Batting: RHB Chi-ju Zhang 0-0: Ball
1-0: Ball
Yoshio Matsuo steals 2nd base
2-0: Intentional Walk
Batting: RHB Roberto Guerrero 0-0: Ball
1-0: Fly out, F8 (Flyball, 8LXD)
Runner from 2nd tags up, SAFE at 3rd, no throw
Pitching: RHP Angus Barlow
Now in CF: Pablo Trujillo
Batting: RHB Keith Best 0-0: DOUBLE (Line Drive, 7LM)
Yoshio Matsuo scores
Chi-ju Zhang to third
Runner from 3rd tries for Home, SAFE, no throw or cutoff
Batting: LHB Gregory Johnson 0-0: Ball
1-0: Called Strike
1-1: Called Strike
1-2: Strikes out swinging
Top of the 6th over - 2 run(s), 2 hit(s), 0 error(s), 1 left on base; Louisville 3 - Toledo 1
BOTTOM OF THE 6TH
Toledo Titans batting - Pitching for Louisville BC : RHP Bill Fletcher
Batting: RHB Donald Thompson 0-0: Ball
1-0: Ball
2-0: Ball
3-0: Called Strike
3-1: Called Strike
3-2: SINGLE (Line Drive, 6M)
Batting: RHB Juan Orozco 0-0: Ball
1-0: Grounds into double play, 5-4-3 (Groundball, 5)
Batting: RHB Phil Johnston 0-0: Ball
1-0: Ball
2-0: Foul Ball, location: 2F
2-1: Ball
3-1: Base on Balls
Batting: RHB Sherman Davis 0-0: Swinging Strike
0-1: Reached on error, E5 (Groundball, 5L)
Phil Johnston to second
Batting: LHB Iván Gonzáles 0-0: Called Strike
0-1: SINGLE (Flyball, 78S)
Phil Johnston to third
Sherman Davis to second
Runner from 3rd tries for Home, SAFE, no throw or cutoff
Batting: RHB Soseki Matsunaga 0-0: Foul Ball, location: 2F
0-1: Ball
1-1: Fielders Choice at 2nd, 6-4 (Groundball, 6)
Bottom of the 6th over - 1 run(s), 2 hit(s), 1 error(s), 1 left on base; Louisville 3 - Toledo 2
TOP OF THE 7TH
Louisville BC batting - Pitching for Toledo Titans : RHP Angus Barlow
Batting: RHB Andrés Rodríguez 0-0: Ball
1-0: Ball
2-0: Ball
3-0: Called Strike
3-1: Called Strike
3-2: Foul Ball, location: 2F
3-2: Foul Ball, location: 2F
3-2: Strikes out swinging
Batting: RHB Paul Houston 0-0: Ball
1-0: Called Strike
1-1: Ground out 6-3 (Groundball, 6)
Batting: RHB Robbie Roach 0-0: Ball
1-0: Called Strike
1-1: Called Strike
1-2: Ball
2-2: Ball
3-2: SINGLE (Line Drive, 6D)
Batting: LHB Tim Hargrove 0-0: 2-RUN HOME RUN (Flyball, 9D), Distance : 395 ft
Batting: RHB Yoshio Matsuo 0-0: Swinging Strike
0-1: Foul Ball, location: 2F
0-2: Ground out 6-3 (Groundball, 6)
Top of the 7th over - 2 run(s), 2 hit(s), 0 error(s), 0 left on base; Louisville 5 - Toledo 2
BOTTOM OF THE 7TH
Toledo Titans batting - Pitching for Louisville BC : RHP Bill Fletcher
Batting: RHB Pablo Trujillo 0-0: Ball
1-0: Ball
2-0: Fly out, F8 (Flyball, 8LXD)
Batting: RHB Juan Ramos 0-0: Ball
1-0: Fly out, F8 (Flyball, 78S)
Batting: SHB Mustapha Gonzales 0-0: Ball
1-0: Ball
2-0: Called Strike
2-1: Swinging Strike
2-2: Ball
3-2: Base on Balls
Batting: RHB Donald Thompson 0-0: Ball
1-0: SINGLE (Line Drive, 56)
Mustapha Gonzales to second
Batting: RHB Juan Orozco 0-0: Swinging Strike
0-1: Ball
1-1: Called Strike
1-2: Strikes out swinging
Bottom of the 7th over - 0 run(s), 1 hit(s), 0 error(s), 2 left on base; Louisville 5 - Toledo 2
TOP OF THE 8TH
Louisville BC batting - Pitching for Toledo Titans : RHP Angus Barlow
Pitching: RHP Burt Booth
Batting: RHB Chi-ju Zhang 0-0: Ball
1-0: Ball
2-0: Called Strike
2-1: Called Strike
2-2: Strikes out swinging
Batting: RHB Roberto Guerrero 0-0: Called Strike
0-1: SINGLE (Groundball, 56D)
Batting: RHB Keith Best 0-0: Grounds into double play, 6-4-3 (Groundball, 56)
Top of the 8th over - 0 run(s), 1 hit(s), 0 error(s), 0 left on base; Louisville 5 - Toledo 2
BOTTOM OF THE 8TH
Toledo Titans batting - Pitching for Louisville BC : RHP Bill Fletcher
Batting: RHB Phil Johnston 0-0: Ball
1-0: SINGLE (Flyball, 78S)
Batting: RHB Sherman Davis 0-0: Grounds into double play, 1-6-3 (Groundball, 15S)
Batting: LHB Iván Gonzáles 0-0: Ball
1-0: Fly out, F7 (Flyball, 78D)
Bottom of the 8th over - 0 run(s), 1 hit(s), 0 error(s), 0 left on base; Louisville 5 - Toledo 2
TOP OF THE 9TH
Louisville BC batting - Pitching for Toledo Titans : RHP Burt Booth
Pitching: RHP Eric Miller
Batting: LHB Gregory Johnson 0-0: Ball
1-0: Foul Ball, location: 2F
1-1: Foul Ball, location: 2F
1-2: Foul Ball, location: 2F
1-2: Foul Ball, location: 2F
1-2: Foul Ball, location: 2F
1-2: DOUBLE (Line Drive, 89D)
Batting: RHB Andrés Rodríguez 0-0: Intentional Walk
Batting: RHB Paul Houston 0-0: Sac Bunt - play at third, runner OUT! 1-5
Andrés Rodríguez to second
Batting: RHB Robbie Roach 0-0: Fly out, F9 (Flyball, 9D)
Runner from 2nd tags up, SAFE at 3rd, no throw
Batting: LHB Tim Hargrove 0-0: Ball
1-0: Called Strike
1-1: Foul Ball, location: 2F
1-2: Foul Ball, location: 2F
1-2: Ball
2-2: Foul Ball, location: 2F
2-2: Foul Ball, location: 2F
2-2: Ball
3-2: Base on Balls
Paul Houston to second
Batting: RHB Yoshio Matsuo 0-0: Ball
1-0: Called Strike
1-1: Called Strike
1-2: Foul Ball, location: 2F
1-2: Ball
2-2: Strikes out swinging
Top of the 9th over - 0 run(s), 1 hit(s), 0 error(s), 3 left on base; Louisville 5 - Toledo 2
BOTTOM OF THE 9TH
Toledo Titans batting - Pitching for Louisville BC : RHP Bill Fletcher
Batting: RHB Soseki Matsunaga 0-0: Ball
1-0: Bunted foul
1-1: Ball
2-1: Ball
3-1: Foul Ball, location: 2F
3-2: Strikes out swinging
Batting: RHB Pablo Trujillo 0-0: Ball
1-0: Foul Ball, location: 2F
1-1: Foul Ball, location: 2F
1-2: Ball
2-2: Foul Ball, location: 2F
2-2: Foul Ball, location: 2F
2-2: SINGLE (Groundball, 56)
Pitching: LHP Pat Farrell
Batting: RHB Juan Ramos 0-0: Foul Ball, location: 2F
0-1: Foul Ball, location: 2F
0-2: Strikes out swinging
Batting: SHB Mustapha Gonzales 0-0: Ball
1-0: Called Strike
1-1: Foul Ball, location: 2F
1-2: Ground out 6-3 (Groundball, 6S)
Bottom of the 9th over - 0 run(s), 1 hit(s), 0 error(s), 1 left on base; Louisville 5 - Toledo 2
This league is powered by Out of the Park Baseball, the baseball management simulation game for PC, Mac and Linux
Friday, January 22nd, 2016 - OOTP Baseball 16.9 Build 39